 Dungeon Crawl Stone Soup version 0.20.1-1-g8b1a95d (webtiles) character file.

22 Knicklaso the Skirmisher (level 2, 0/29 HPs)
             Began as an Ogre Warper on July 23, 2017.
             Slain by an adder (4 damage)
             ... on level 2 of the Dungeon.
             The game lasted 00:02:56 (1292 turns).

Knicklaso the Skirmisher (Ogre Warper)              Turns: 1292, Time: 00:02:56

Health: 0/29       AC:  3    Str: 14    XL:     2   Next: 91%
Magic:  4/5        EV: 10    Int: 14    God:
Gold:   62         SH:  0    Dex:  8    Spells: 2/6 levels left

rFire    . . .     SeeInvis .   a - +0 mace
rCold    . . .     Gourm    .   (no shield)
rNeg     . . .     Faith    .   b - +0 robe
rPois    .         Spirit   .   (helmet restricted)
rElec    .         Reflect  .   (no cloak)
rCorr    .         Harm     .   (gloves unavailable)
MR       .....                  (boots unavailable)
Stlth    +.........             (no amulet)
Regen    0.1/turn               (no ring)
MPRegen  0.1/turn               (no ring)

@: no status effects
A: unfitting armour, tough skin 1
a: no special abilities


You were on level 2 of the Dungeon.
You were not hungry.

You visited 1 branch of the dungeon, and saw 2 of its levels.

You collected 62 gold pieces.

Inventory:

Hand Weapons
 a - a +0 mace (weapon)
Missiles
 e - 5 tomahawks of dispersal
 p - 17 stones (quivered)
Armour
 b - a +0 robe (worn)
Jewellery
 j - an uncursed amulet of faith
Scrolls
 d - a scroll of blinking
 g - a scroll of remove curse {unknown}
 k - a scroll of identify {unknown}
 o - a scroll of enchant weapon {unknown}
 q - a scroll of immolation {unknown}
Potions
 h - a potion of flight {unknown}
 i - a potion of curing {unknown}
 l - 2 potions of might {unknown}
Books
 c - a book of Spatial Translocations

   Spells                             Type                      Level
   a - Blink                          Translocation                2
   b - Shroud of Golubria             Charms/Translocation         2
   c - Lesser Beckoning               Translocation                3
   d - Gell's Gravitas                Translocation                3
   e - Teleport Other                 Translocation                3
   f - Passage of Golubria            Translocation                4
Comestibles
 f - a bread ration
 m - a royal jelly
 n - 2 meat rations


   Skills:
 + Level 2.9 Fighting
 * Level 2.4 Maces & Flails
 + Level 1.2 Throwing
 - Level 2.1 Dodging
 + Level 2.9 Spellcasting
 - Level 2.6 Translocations


You had 2 spell levels left.
You knew the following spells:

 Your Spells              Type           Power        Failure   Level  Hunger
a - Shroud of Golubria    Chrm/Tloc      #.........   19%         2    ##.....
b - Blink                 Tloc           N/A          11%         2    ##.....


Dungeon Overview and Level Annotations

Branches:
Dungeon (2/15)

Altars:


Innate Abilities, Weirdness & Mutations

You are too large for most types of armour.
You have tough skin. (AC +1)


Message History

Your shroud bends the adder's attack away.
The leopard gecko closely misses you. The adder closely misses you.
You miss the adder. The leopard gecko closely misses you.
The adder barely misses you. The leopard gecko barely misses you.
Your shroud bends the adder's attack away.
You hit the adder.
The adder is moderately wounded.
Your shroud unravels.
The leopard gecko barely misses you. The adder barely misses you.
The leopard gecko bites you. The adder bites you.
* * * LOW HITPOINT WARNING * * *
You hit the adder.
The adder is almost dead.
The adder bites you.
* * * LOW HITPOINT WARNING * * *
The leopard gecko misses you.
You closely miss the adder.
The adder is almost dead.
The adder bites you.
You die...

#.#######
###.......#
.........#
........#
.......#
.....(
####Sl#
#...@.#.#
#<......#
#....#.##
#....#..#
###### ...
.### . ..


You could see an adder and a leopard gecko.

Vanquished Creatures
  A dart slug (D:1)
  A leopard gecko (D:1)
  A ball python (D:1)
  2 bats (D:1)
  A giant cockroach (D:1)
  4 goblins (D:1)
  4 kobolds (D:1)
  3 frilled lizards (D:1)
  A rat (D:1)
18 creatures vanquished.

Notes
Turn   | Place    | Note
-------+----------+-------------------------------------------
     0 | D:1      | Knicklaso the Ogre Warper began the quest for the Orb.
     0 | D:1      | Reached XP level 1. HP: 22/22 MP: 3/3
   313 | D:1      | Reached XP level 2. HP: 29/29 MP: 5/5
   796 | D:1      | Learned a level 2 spell: Shroud of Golubria
   799 | D:1      | Learned a level 2 spell: Blink
  1292 | D:2      | Slain by an adder

Skill      XL: |  1 |
---------------+----+-----
Maces & Flails | 2 |  2.4
Fighting       | |  2.9
Throwing       | |  1.2
Dodging        | |  2.1
Spellcasting   | |  2.9
Translocations | |  2.6

Action                   || total
-------------------------++-------
Melee: Mace              ||    61
 Cast: Shroud of Golubri ||     3
  Eat: Chunk             ||     1
Armor: Robe              ||    20
Dodge: Dodged            ||    44
